 Dungeon Crawl Stone Soup version 0.21-a0-133-gf55ed5b (webtiles) character file.

2699 4thArraOfDagon the Nimble (level 9, 0/41 HPs)
             Began as a Felid Summoner on July 17, 2017.
             Was a Priest of the Shining One (penitent).
             Slain by a wraith (13 damage)
             ... led by Josephine
             ... on level 12 of the Dungeon.
             The game lasted 00:41:04 (10158 turns).

4thArraOfDagon the Nimble (Felid Summoner)         Turns: 10158, Time: 00:41:05

Health: 0/41       AC:  2    Str:  4    XL:     9   Next: 38%
Magic:  13/15      EV: 27    Int: 21    God:    the Shining One [*]
Gold:   566        SH:  0    Dex: 22    Spells: 5/14 levels left
                                        Lives:  0   Deaths: 3

rFire    . . .     SeeInvis +     - Unarmed
rCold    . . .     Gourm    .   (shield unavailable)
rNeg     + . .     Faith    .   (armour unavailable)
rPois    .         Spirit   .   (helmet unavailable)
rElec    .         Reflect  .   (cloak unavailable)
rCorr    .         Harm     .   (gloves unavailable)
MR       +....     Clarity  +   (boots unavailable)
Stlth    +++++.....             w - amulet of magic regeneration
HPRegen  0.13/turn              C - ring of stealth
MPRegen  0.39/turn              (no ring)

@: slowed, slow
A: no armour, no weapons or thrown items, stealth, claws 1, fangs 3, horns 1,
thin skeletal structure 1, see invisible, agile 1, blink, carnivore 3, clarity,
clever 1, speed 1, high mp 1, shaggy fur 2, slow metabolism 1, sharp paws
a: Blink, Renounce Religion


You were on level 12 of the Dungeon.
You worshipped the Shining One.
The Shining One was demanding penance.
You were very full.

You visited 1 branch of the dungeon, and saw 12 of its levels.
You also visited: Sewer.

You collected 566 gold pieces.

Inventory:

Hand Weapons
 u - the +0 long sword of Wudihi {flame, rC+++ MR-, unknown}
   (You found it on level 5 of the Dungeon)

   It has been specially enchanted to burn those struck by it, causing extra
   injury to most foes and up to half again as much damage against particularly
   susceptible opponents.
   Big, fiery blades are also staple armaments of hydra-hunters.
   It renders you almost immune to cold.
   It affects your resistance to hostile enchantments.
Jewellery
 w - an amulet of magic regeneration (around neck)
 C - a ring of stealth (left paw)
Wands
 f - a wand of polymorph (10/24)
 m - a wand of confusion (15/48)
 v - a wand of digging (14/24)
 H - a wand of iceblast (7/15)
 I - a wand of lightning (4/15)
Scrolls
 c - 3 scrolls of recharging
 d - 6 scrolls of remove curse
 h - a scroll of magic mapping
 k - 2 scrolls of fog
 l - 3 scrolls of random uselessness
 n - a scroll of noise
 r - a scroll of enchant weapon {unknown}
 x - a scroll of vulnerability {unknown}
 y - 2 scrolls of immolation
 B - 2 scrolls of teleportation {unknown}
 D - a scroll of blinking {unknown}
 L - a scroll of fear {unknown}
 M - a scroll of acquirement {unknown}
 N - a scroll of brand weapon {unknown}
Potions
 e - 4 potions of haste
 g - 2 potions of curing
 o - a potion of brilliance {unknown}
 p - 2 potions of heal wounds
 q - 2 potions of might
 s - 4 potions of agility
 t - a potion of degeneration {unknown}
 z - a potion of mutation
 A - a potion of flight {unknown}
 E - a potion of lignification {unknown}
 F - a potion of cancellation {unknown}
 G - a potion of berserk rage {unknown}
 J - a potion of ambrosia {unknown}
 K - a potion of magic
Books
 a - a book of Callings

   Spells                             Type                      Level
   a - Summon Small Mammal            Summoning                    1
   b - Call Imp                       Summoning                    2
   c - Call Canine Familiar           Summoning                    3
   d - Summon Guardian Golem          Hexes/Summoning              3
   e - Summon Lightning Spire         Summoning/Air                4
   f - Summon Ice Beast               Ice/Summoning                4
 i - a book of Misfortune

   Spells                             Type                      Level
   a - Confusing Touch                Hexes                        1
   b - Confuse                        Hexes                        3
   c - Gell's Gravitas                Translocation                3
   d - Petrify                        Transmutation/Earth          4
   e - Metabolic Englaciation         Hexes/Ice                    5
   f - Yara's Violent Unravelling     Hexes/Transmutation          5
Comestibles
 b - 4 meat rations
 j - 10 royal jellies


   Skills:
 + Level 5.8 Fighting
 + Level 9.4 Dodging
 - Level 4.1 Stealth
 * Level 9.3 Unarmed Combat
 - Level 3.0 Spellcasting
 - Level 2.7 Conjurations
 * Level 8.9 Summonings
 - Level 2.5 Fire Magic
 - Level 4.3 Invocations


You had 5 spell levels left.
You knew the following spells:

 Your Spells              Type           Power        Failure   Level  Hunger
a - Summon Small Mammal   Summ           ####         1%          1    None
b - Call Canine Familiar  Summ           #####...     1%          3    ###....
c - Conjure Flame         Conj/Fire      ##......     13%         3    ###....
d - Blink                 Tloc           N/A          21%         2    ##.....


Dungeon Overview and Level Annotations

Branches:
Dungeon (12/15)               Orc (0/2) D:12
 Temple: D:4-7         Lair: D:8-11

Altars:
Cheibriados
Ru
Trog
The Shining One

Annotations:
D:2 1 exclusion
D:12 Josephine, Maurice, Sonja


Innate Abilities, Weirdness & Mutations

You cannot wear armour.
You are incapable of wielding weapons or throwing items.
Your paws allow you to move quietly. (Stealth)
You have sharp claws.
You have razor-sharp teeth.
You have supernaturally acute eyesight. (SInv)
You are carnivorous and can eat meat at any time.
You cover ground quickly.
You are covered in thick fur. (AC +2)
You have a slow metabolism.
Your sharp claws are effective at attacking unaware monsters.
You have a pair of small horns on your head.
You have a somewhat thin skeletal structure. (Dex +2, Stealth)
You are agile. (Dex +2)
You can translocate small distances at will.
You possess an exceptional clarity of mind.
Your mind is acute. (Int +2)
You have an increased reservoir of magic. (+10% MP)


Message History

You claw the orc wizard! You headbutt the orc wizard.
You kill the orc wizard!
You scratch the wraith.
The wraith is lightly damaged.
The wraith hits you!
You scratch the wraith.
You headbutt the wraith, but do no damage.
The wraith is moderately damaged.
The wraith hits you!
* * * LOW HITPOINT WARNING * * *
The wraith completely misses you.
Unknown command.
Unknown command.
An orc comes into view. It is wielding a dagger.
Cast which spell? (? or * to list)
The orc shouts!
The wraith completely misses you.
Unknown command.
The wraith hits you!
You die...

#.# #.# #.# #.# #=# #.# ##.##
##.## ###...## #####...###
#......######. .....K...
#<.....>...... #...># ##
#....oo#######..####.#.# ..
##.(..#o.W@h...........#
......o.o..##.######..####.###
########.####.# #..# ##.#
#.... .$# #..# #..# #.#.# #..#
#..# #.## ######.#.###..#
###..###.## ..........##..#
#....##...## ...)....#.##..#
#.#.##.#.#.###.#
####.......#..#
#.#.W....h<....#


You could see a wraith, 3 orcs and a friendly hound.

Vanquished Creatures
  A two-headed ogre (D:10)
  A harpy (D:11)
  A cyclops (D:12)
  A centaur skeleton (D:11)
  A troll (D:10)
  A shadow (D:11)
  A vampire (D:10)
  A wraith (D:12)
  A wyvern (D:12)
  3 yaks (D:11)
  An ice beast (D:11)
  2 phantoms
  3 ogres
  A necrophage (D:5)
  2 centaurs (D:7)
  A big kobold (D:8)
  4 bullfrogs
  2 scorpions
  4 killer bees
  A wight (D:8)
  A howler monkey (D:11)
  A crimson imp (D:6)
  A centaur zombie (D:9)
  2 bullfrog zombies
  8 hounds
  A bullfrog skeleton (D:9)
  An orc priest (D:4)
  8 orc wizards
  3 iguanas
  5 worker ants
  2 hound skeletons (D:5)
  A worker ant zombie (D:10)
  2 gnolls (D:6)
  A howler monkey skeleton (D:7)
  8 adders
  2 river rats (Sewer)
  3 shadow imps
  An ooze (D:8)
  An adder zombie (D:5)
  An adder skeleton (D:5)
  A worm (D:6)
  2 leopard geckos
  24 orcs
  A giant cockroach (D:3)
  2 goblins
  3 hobgoblins
  2 jackals (D:5)
  2 quokkas
  2 ball pythons (Sewer)
  4 bats
  A frilled lizard (D:1)
  14 kobolds
  A leopard gecko skeleton (D:5)
  13 rats
158 creatures vanquished.

Vanquished Creatures (collateral kills)
  A two-headed ogre (D:11)
  An ugly thing (D:11)
  A komodo dragon (D:11)
  A yak (D:11)
  A hungry ghost (D:7)
  3 sky beasts
  A black bear (D:11)
  3 ogres
  A centaur (D:5)
  A big kobold (Sewer)
  3 scorpions
  5 killer bees (D:9)
  A wight (D:8)
  2 howler monkeys
  3 centaur zombies
  A jelly (D:7)
  An orc priest (D:9)
  A hound (D:4)
  2 centaur skeletons
  2 orc wizards
  3 worker ants
  A howler monkey zombie (D:7)
  A gnoll (D:7)
  4 river rats (Sewer)
  11 adders
  An adder skeleton (D:6)
  A worm (D:4)
  A dart slug (D:1)
  A leopard gecko (D:6)
  6 orcs
  4 ball pythons
  A giant cockroach (D:2)
  2 goblins
  3 hobgoblins (D:1)
  9 kobolds
  A bat (D:2)
  14 rats (Sewer)
99 creatures vanquished.

Grand Total: 257 creatures vanquished

Notes
Turn   | Place    | Note
-------+----------+-------------------------------------------
     0 | D:1      | 4thArraOfDagon the Felid Summoner began the quest for the Orb.
     0 | D:1      | Reached XP level 1. HP: 7/7 MP: 4/4
   259 | D:1      | Reached XP level 2. HP: 5/11 MP: 6/6
   370 | D:2      | Reached skill level 1 in Unarmed Combat
   766 | D:2      | Reached XP level 3. HP: 7/14 MP: 3/7
   809 | D:2      | Learned a level 3 spell: Call Canine Familiar
   927 | D:4      | Noticed a scorpion
  1377 | D:4      | Reached XP level 4. HP: 7/18 MP: 2/8
  1450 | D:5      | Entered Level 5 of the Dungeon
  1451 | D:5      | Noticed a centaur
  1462 | D:5      | Killed a centaur
  1462 | D:5      | Reached XP level 5. HP: 2/21 MP: 5/9
  1493 | D:5      | HP: 1/21 [hound skeleton (3)]
  1495 | D:5      | Slain by a hound skeleton
  1496 | D:5      | Reached XP level 4. HP: 0/18 MP: 5/8
  1509 | D:5      | Found a glowing drain.
  1607 | D:5      | Reached skill level 1 in Fighting
  1607 | D:5      | Reached XP level 5. HP: 9/22 MP: 2/9
  1627 | D:5      | Found a glowing golden altar of the Shining One.
  1649 | D:5      | Became a worshipper of the Shining One
  1754 | Sewer    | Entered a sewer
  2083 | Sewer    | Gained mutation: You are covered in thick fur. (AC +2) [Felid growth]
  2083 | Sewer    | Reached XP level 6. HP: 19/25 MP: 7/10
  2162 | Sewer    | Reached skill level 5 in Dodging
  2550 | D:5      | Found a bloodstained altar of Trog.
  2612 | D:5      | Reached * piety under the Shining One
  2697 | D:5      | Noticed an ice beast
  2880 | D:5      | Got a pitted long sword
  2908 | D:5      | Reached skill level 5 in Unarmed Combat
  2923 | D:6      | Noticed an orc warrior
  2939 | D:5      | Reached skill level 1 in Invocations
  2991 | D:5      | Reached XP level 7. HP: 17/29 MP: 7/11
  3648 | D:7      | Noticed a hungry ghost
  3674 | D:7      | Killed a hungry ghost
  3803 | D:7      | Reached ** piety under the Shining One
  3928 | D:7      | Reached skill level 5 in Summonings
  3948 | D:7      | Reached XP level 8. HP: 34/34 MP: 9/12
  4035 | D:7      | Gained mutation: You possess an exceptional clarity of mind. [mutagenic meat]
  4036 | D:7      | Gained mutation: You can translocate small distances at will. [mutagenic meat]
  4056 | D:7      | Gained mutation: You have a pair of small horns on your head. [mutagenic meat]
  4057 | D:7      | Gained mutation: You have an increased reservoir of magic. (+10% MP) [mutagenic meat]
  4058 | D:7      | Gained mutation: Your mind is acute. (Int +2) [mutagenic meat]
  4059 | D:7      | Gained mutation: You are agile. (Dex +2) [mutagenic meat]
  4060 | D:7      | Gained mutation: You have a somewhat thin skeletal structure. (Dex +2, Stealth) [mutagenic meat]
  5340 | D:4      | Found a sacrificial altar of Ru.
  5340 | D:4      | Found a snail-covered altar of Cheibriados.
  5703 | D:6      | Learned a level 3 spell: Conjure Flame
  5720 | D:6      | Noticed a moth of wrath
  5723 | D:6      | Found a bloodstained altar of Trog.
  6140 | D:8      | HP: 1/36 [steam dragon (10)]
  6493 | D:10     | Entered Level 10 of the Dungeon
  6543 | D:10     | Noticed a two-headed ogre
  6543 | D:10     | Reached *** piety under the Shining One
  6576 | D:10     | Killed a two-headed ogre
  6576 | D:10     | Reached skill level 1 in Conjurations
  6576 | D:10     | Reached skill level 1 in Fire Magic
  6576 | D:10     | Reached XP level 9. HP: 16/39 MP: 12/14
  6770 | D:8      | Noticed a queen bee
  6973 | D:12     | Noticed Sonja
  6986 | D:12     | Noticed Josephine
  7421 | D:12     | Noticed a cyclops
  7484 | D:12     | Found a staircase to the Orcish Mines.
  7490 | D:12     | Noticed Maurice
  7566 | D:11     | Noticed a two-headed ogre
  7607 | D:11     | Noticed a troll
  7607 | D:11     | Killed a two-headed ogre
  7607 | D:11     | Reached XP level 10. HP: 22/43 MP: 11/16
  7609 | D:11     | Noticed a harpy
  7609 | D:11     | a troll changed into a harpy
  7615 | D:11     | Killed a harpy
  7886 | D:11     | Was placed under penance by the Shining One
  7886 | D:11     | Reached skill level 5 in Fighting
  8257 | D:9      | Learned a level 2 spell: Blink
  8262 | D:9      | Noticed a cyan ugly thing
  8717 | D:9      | Slain by a killer bee
  8718 | D:9      | Reached XP level 9. HP: 0/40 MP: 14/15
  9963 | D:11     | Noticed a purple ugly thing
  9979 | D:11     | Killed a purple ugly thing
 10030 | D:11     | Slain by an ice beast
 10031 | D:11     | Reached XP level 8. HP: 0/37 MP: 14/14
 10081 | D:11     | Reached XP level 9. HP: 33/41 MP: 15/15
 10142 | D:12     | Killed a cyclops
 10158 | D:12     | Slain by a wraith

Vault maps used:
D:1:      sevenhm_arrival_forest_fort_small_6
D:2:      minivault_26
D:3:      first_bread, guppyfry_early_lair_pool
D:4:      gammafunk_temple_overflow_elements
D:5:      kennysheep_mini_moat, old_standard_altar, gup_sewer_entry_glass
D:6:      temple_hall, tgw_trog
D:8:      david_nohive_1, dk_vineyard_1, supply_closet_lemuel, ashenzari_altar_1
D:11:     erik_lair_island
D:12:     orc_0_dummy, uniq_josephine, uniq_maurice, uniq_sonja
Sewer:    sewer_minmay_treatment

Skill      XL: |  1  2  3  4  5  6  7  8  9 10 |
---------------+-------------------------------+-----
Unarmed Combat | 1 2 3 4 5 6 9 8 |  9.3
Stealth        | 3 4 |  4.1
Dodging        | 3 4 5 6 7 9 |  9.4
Fighting       | 1 2 3 4 5 |  5.8
Invocations    | 1 2 3 4 |  4.3
Summonings     | 5 6 7 8 |  8.9
Conjurations   | 1 2 |  2.7
Fire Magic     | 1 2 |  2.5
Spellcasting   | 3 |  3.0

Action                   |  1- 3 |  4- 6 |  7- 9 | 10-12 || total
-------------------------+-------+-------+-------+-------++-------
Melee: Unarmed           |    38 |   191 |   520 |   154 ||   903
       Bite              |     7 |     8 |    62 |    11 ||    88
       Punch             |       |     2 |    16 |     3 ||    21
       Headbutt          |       |       |    73 |    20 ||    93
 Cast: Summon Small Mamm |    25 |     6 |    17 |       ||    48
       Call Canine Famil |     4 |    22 |    64 |    18 ||   108
Evoke: Wand              |       |       |    10 |     4 ||    14
  Use: Potion            |       |     6 |     9 |     4 ||    19
       Scroll            |       |     2 |     8 |     4 ||    14
 Stab: Sleeping          |    11 |       |       |       ||    11
       Distracted        |       |     1 |       |       ||     1
  Eat: Chunk             |     7 |    12 |    34 |     3 ||    56
Armor: Skin              |     2 |     3 |    23 |    14 ||    42
Dodge: Dodged            |    42 |   153 |   405 |   170 ||   770
